 Dungeon Crawl Stone Soup version 0.29.1-14-g9c671dbff4 (webtiles) character file.

Game seed: 18362094109360169124

1113 Sanktem7 the Fighter (level 8, 0/74 HPs)
             Began as a Minotaur Fighter on Feb 18, 2023.
             Was a Follower of Trog.
             Slain by an orc warrior
             ... wielding a +0 glaive
              (16 damage)
             ... on level 7 of the Dungeon.
             The game lasted 00:06:56 (5198 turns).

Sanktem7 the Fighter (Minotaur Fighter)             Turns: 5198, Time: 00:06:56

Health: 0/74       AC: 11    Str: 22    XL:     8   Next: 11%
Magic:  7/7        EV:  7    Int:  5    God:    Trog [*.....]
Gold:   334        SH:  4    Dex: 11    Spells: 7/7 levels left

rFire   . . .      SeeInvis .   a - +0 war axe {axe}
rCold   . . .      Faith    .   c - +0 buckler
rNeg    . . .      Spirit   .   h - +0 chain mail
rPois   .          Reflect  .   (helmet restricted)
rElec   .          Harm     .   (no cloak)
rCorr   +          Rampage  .   E - +0 pair of gloves
Will    .....                   (no boots)
Stlth   ..........              (no amulet)
HPRegen 0.22/turn               r - ring of flight
MPRegen 0.10/turn               i - ring of resist corrosion

@: flying
A: horns 2, retaliatory headbutt
a: Renounce Religion, Berserk


You were on level 7 of the Dungeon.
You worshipped Trog.
Trog was aware of your devotion.
You visited 1 branch of the dungeon, and saw 7 of its levels.

You collected 334 gold pieces.


Innate Abilities, Weirdness & Mutations

You have a pair of horns on your head.
You reflexively headbutt those who attack you in melee.


   Skills:
 * Level 8.2 Fighting
 * Level 7.7 Axes
 - Level 6.0 Armour
 - Level 3.6 Shields


You had 7 spell levels left.
You didn't know any spells.
Your spell library contained the following spells:

 Spells                   Type           Power      Damage    Failure   Level
 Shock                    Conj/Air       0%         1d3       99%         1
 Portal Projectile        Hex/Tloc       0%         N/A       100%        3
 Stone Arrow              Conj/Erth      0%         3d7       100%        3
 Swiftness                Air            0%         N/A       100%        3
 Tukima's Dance           Hex            0%         N/A       100%        3
 Airstrike                Air            0%         2d(0-16)  100%        4
 Animate Armour           Summ/Erth      0%         N/A       100%        4
 Blade Hands              Tmut           0%         N/A       100%        5
 Lehudib's Crystal Spear  Conj/Erth      0%         10d2      100%        8

Inventory:

Hand Weapons
 a - a +0 war axe (weapon) {axe}
 B - a +2 vampiric spear {polearm}
   (You took it off a gnoll on level 7 of the Dungeon)
Missiles
 e - 65 stones (quivered) {throwing}
 o - 8 poisoned darts {throwing}
 y - 2 boomerangs {throwing}
Armour
 c - a +0 buckler (worn)
 h - a +0 chain mail (worn)
   (You found it on level 1 of the Dungeon)
 E - a +0 pair of gloves (worn)
   (You found it on level 5 of the Dungeon)
Jewellery
 i - a ring of resist corrosion (right hand)
   (You found it on level 1 of the Dungeon)
 r - a ring of flight (left hand)
   (You found it on level 3 of the Dungeon)
Scrolls
 b - a scroll of acquirement {unknown}
 f - 10 scrolls of identify {unknown}
 j - a scroll of butterflies {unknown}
 k - 2 scrolls of magic mapping {unknown}
 m - 2 scrolls of enchant armour {unknown}
 n - a scroll of teleportation {unknown}
 s - a scroll of enchant weapon {unknown}
 t - a scroll of blinking {unknown}
 v - a scroll of vulnerability {unknown}
 w - a scroll of immolation {unknown}
 C - a scroll of poison {unknown}
 F - a scroll of amnesia {unknown}
Potions
 d - 2 potions of might
 g - 2 potions of heal wounds {@q2}
 l - a potion of invisibility {unknown}
 p - a potion of magic {unknown}
 q - a potion of degeneration {unknown}
 u - 3 potions of flight {unknown}
 x - a potion of lignification {unknown}
 z - a potion of mutation {unknown}
 A - a potion of ambrosia {unknown}
 D - a potion of curing {unknown}

Dungeon Overview and Level Annotations

Branches:
Dungeon (7/15) Zot: 26816  Temple (0/1) D:5

Altars:
Kikubaaqudgha
Trog

Shops:
D:1 ?[ D:5

( #.
#...####......##
................#
............##...###
.>.......####......#
.......## ##...####
#......# ##....#
....####.....#
.......o..##.#
......o@)###.#
......#....#.#
......###....# #....
...... ##.. .###.# #
## #


You could see an orc warrior and an orc priest.


Message History

You kill the ice beast!
Trog accepts your kill.
No target in view!
No target in view!
No target in view!
No target in view!
No target in view!
No target in view!
No target in view!
No target in view!
F - a scroll labelled GOKHIOGRUT 😎 HP[+13]
Your hp is fully restored (74).
An orc comes into view. It is wielding a +0 short sword.
The orc shouts!
You hear a shout!
The orc throws a boomerang.
The boomerang hits you.
You hear a shout! 😕 HP[-5]
You take 5 damage, and now have 69/74 hp.
An orc is nearby!
You hear a shout!
The orc throws a boomerang.
The boomerang hits you.
An orc priest comes into view. It is wielding a +0 flail.
An orc comes into view. It is wielding a +0 dagger. 😕 HP[-1]
You take 1 damage, and now have 68/74 hp.
The orc throws a boomerang.
The boomerang barely misses you.
An orc warrior comes into view. It is wielding a +0 glaive.
The orc warrior shouts!
The orc hits you but does no damage.
You slash the orc!
You kill the orc!
Trog accepts your kill. 😕 HP[+1]
The orc priest mumbles some strange prayers to Beogh against you.
Pain shoots through your body!
The orc warrior hits you from afar with a +0 glaive!
You are too injured to fight recklessly! 😮 HP[-22]
You take 22 damage, and now have 47/74 hp.
MASSIVE DAMAGE!! (PAUSE)
You slice the orc!!
You kill the orc!
Trog accepts your kill.
You slash the orc priest!
The orc priest hits you with a +0 flail.
You block the orc warrior's attack. 😮 HP[-1]
You take 1 damage, and now have 46/74 hp.
You block the orc priest's attack. The orc warrior closely misses you.
Things that are here:
a +0 short sword {short}; a boomerang {throwing}; an orc corpse 😮 HP[+1]
You slash the orc warrior! You barely miss the orc priest.
The orc priest calls upon Beogh to heal the orc warrior.
The orc warrior is healed somewhat.
The orc warrior hits you with a +0 glaive.
The orc priest hits you but does no damage.
The orc warrior closely misses you. 😮 HP[-3]
You take 3 damage, and now have 44/74 hp.
You hit the orc warrior. You barely miss the orc priest.
The orc warrior hits you with a +0 glaive.
The orc priest hits you but does no damage. 😮 HP[-3]
You take 3 damage, and now have 41/74 hp.
You barely miss the orc warrior. Your headbutt misses the orc warrior.
You hit the orc priest. You block the orc priest's attack.
The orc warrior hits you with a +0 glaive.
* * * LOW HITPOINT WARNING * * *
😨 HP[-5]
You take 5 damage, and now have 36/74 hp.
You hit the orc warrior.
You hit the orc priest but do no damage.
You block the orc priest's attack.
The orc warrior hits you with a +0 glaive!
* * * LOW HITPOINT WARNING * * *
😨 HP[-7]
You take 7 damage, and now have 29/74 hp.
You hit the orc warrior but do no damage.
You closely miss the orc priest. The orc priest barely misses you.
The orc warrior closely misses you.
You hit the orc warrior.
You headbutt the orc warrior, but do no damage.
You hit the orc priest but do no damage.
The orc priest calls upon Beogh to heal the orc warrior.
The orc warrior is healed somewhat.
The orc warrior hits you with a +0 glaive!
* * * LOW HITPOINT WARNING * * *
😨 HP[-10]
You take 10 damage, and now have 19/74 hp.
You closely miss the orc warrior. You closely miss the orc priest.
The orc priest calls down the wrath of Beogh upon you.
You struggle to resist.
The orc warrior hits you with a +0 glaive.
* * * LOW HITPOINT WARNING * * *
The orc priest calls upon Beogh to heal the orc warrior.
The orc warrior is healed somewhat.
The orc warrior hits you with a +0 glaive!
You die...

Skill      XL: |  1  2  3  4  5  6  7 |
---------------+----------------------+-----
Fighting       | 4 5 6 8 |  8.2
Axes           | 3 4 5 6 7 |  7.7
Armour         | 4 5 6 |  6.0
Shields        | |  3.6

Action                   |  1- 3 |  4- 6 |  7- 9 || total
-------------------------+-------+-------+-------++-------
Melee: War axe           |    63 |   102 |    74 ||   239
       Headbutt          |    11 |    19 |    12 ||    42
Armor: Chain mail        |    41 |    73 |    37 ||   151
Dodge: Dodged            |    19 |    34 |    26 ||    79
Block: Buckler           |    15 |    27 |    11 ||    53

Levels and vault maps discovered:
D:1:      minmay_arrival_open_corners, layout_loops_ring,
          dreamdust_ecumenical_altar_angels_and_demons, serial_shops,
          nicolae_diamond_shop, nicolae_shop_waterfront, minmay_pentomino_t4
D:2:      wad_pebble_path, layout_loops_corners
D:3:      layout_loops_ring, grunt_ministairs_6, nicolae_titane, uniq_robin
D:4:      layout_basic, mainiacjoe_overflow_brackets
D:5:      wander_river, layout_rooms, kennysheep_mini,
          minmay_temple_entry_proselytizer, nicolae_stop_n_shop_2
D:6:      layout_loops_ring
D:7:      layout_layer_cave, mainiacjoe_overflow_24_doors

Notes
Turn   | Place    | Note
-------+----------+-------------------------------------------
     0 | D:1      | Sanktem7 the Minotaur Fighter began the quest for the Orb.
     0 | D:1      | Reached XP level 1. HP: 19/19 MP: 0/0
     0 | D:1      | magus.rc [v1.9.6]
   294 | D:1      | Found a faded altar of an unknown god.
   331 | D:1      | Found Orrojez's Magic Scroll Shop.
   356 | D:1      | Reached XP level 2. HP: 27/27 MP: 1/1
   371 | D:1      | Reached skill level 4 in Fighting
   372 | D:1      | Reached skill level 3 in Axes
   412 | D:1      | You pick up a book of Armaments and begin reading...
   412 | D:1      | You add the spells Stone Arrow, Animate Armour and
                  | Lehudib's Crystal Spear to your library.
   471 | D:1      | Found Ofotiggu's Antique Armour Shop.
   824 | D:2      | Reached skill level 4 in Armour
   824 | D:2      | Reached XP level 3. HP: 34/34 MP: 2/2
  1619 | D:3      | Noticed Robin
  1629 | D:3      | Reached XP level 4. HP: 29/41 MP: 3/3
  1634 | D:3      | Reached skill level 4 in Axes
  1636 | D:3      | HP: 10/41 [goblin/+0 club[Robin] (1)]
  1638 | D:3      | Killed Robin
  1651 | D:3      | Reached skill level 5 in Fighting
  2395 | D:3      | Reached XP level 5. HP: 48/48 MP: 4/4
  2562 | D:4      | Identified the +10 glaive "Peolelia" {drain, Stlth+}
  2599 | D:4      | Found a bloodstained altar of Trog.
  2803 | D:4      | You pick up a book of Air and begin reading...
  2803 | D:4      | You add the spells Shock, Swiftness and Airstrike to your
                  | library.
  2951 | D:4      | Reached skill level 5 in Axes
  3019 | D:4      | Noticed an ogre
  3027 | D:4      | Killed an ogre
  3028 | D:4      | Reached skill level 6 in Fighting
  3028 | D:4      | Reached XP level 6. HP: 38/57 MP: 5/5
  3395 | D:4      | Became a worshipper of Trog the Wrathful
  3446 | D:5      | Entered Level 5 of the Dungeon
  3453 | D:5      | Reached skill level 5 in Armour
  3578 | D:5      | Reached skill level 6 in Axes
  3668 | D:5      | Reached XP level 7. HP: 47/64 MP: 6/6
  3735 | D:5      | Found Weaj's Weapon Shop.
  3802 | D:5      | Reached * piety under Trog
  3957 | D:5      | Found an ancient bone altar of Kikubaaqudgha.
  4005 | D:5      | Reached skill level 7 in Fighting
  4151 | D:5      | Found a staircase to the Ecumenical Temple.
  4569 | D:6      | Reached skill level 7 in Axes
  4773 | D:6      | Reached skill level 6 in Armour
  4854 | D:6      | You pick up a book of Weapons {forbidden} and begin
                  | reading...
  4854 | D:6      | You add the spells Tukima's Dance, Portal Projectile and
                  | Blade Hands to your library.
  5039 | D:7      | Reached skill level 8 in Fighting
  5039 | D:7      | Reached XP level 8. HP: 67/74 MP: 7/7
  5198 | D:7      | HP: 16/74 [orc warrior/+0 glaive (4)]
  5198 | D:7      | Slain by an orc warrior

Vanquished Creatures
  An ice beast (D:7)
  An ogre (D:4)
  A necrophage (D:6)
  A bullfrog (D:5)
  4 scorpions
  3 hounds
  A jelly (D:4)
  2 orc priests (D:5)
  2 orc wizards (D:5)
  4 iguanas
  Robin (D:3)
  6 adders
  7 gnolls
  3 worms
  3 dart slugs
  18 orcs
  5 ball pythons (D:1)
  A bat (D:3)
  3 endoplasms
  13 goblins
  12 hobgoblins
  3 quokkas
  2 frilled lizards
  11 kobolds
  5 rats
113 creatures vanquished.

Table legend:
 A = Non-vault XP
 B = Vault XP
 C = Vault XP percentage of total XP
 D = Non-vault monster count
 E = Vault monster count
 F = Vault count percentage of total count
                 A         B        C        D         E       F
            +---------+---------+-------+---------+---------+-------
      Total |    1503 |      87 |   5.5 |      94 |      19 |  16.8
            +---------+---------+-------+---------+---------+-------
        D:1 |      20 |       6 |  23.1 |      11 |       4 |  26.7
        D:2 |      56 |       0 |   0.0 |      15 |       0 |   0.0
        D:3 |      75 |      40 |  34.8 |      19 |      14 |  42.4
        D:4 |     260 |       0 |   0.0 |      14 |       0 |   0.0
        D:5 |     465 |      41 |   8.1 |      18 |       1 |   5.3
        D:6 |     433 |       0 |   0.0 |      10 |       0 |   0.0
        D:7 |     194 |       0 |   0.0 |       7 |       0 |   0.0
            +---------+---------+-------+---------+---------+-------

Illustrated notes

Table legend:
 A = Kills in this place as a percentage of kills in entire the game.
 B = Kills by you in this place as a percentage of kills by you in the entire game.
 C = Kills by friends in this place as a percentage of kills by friends in the entire game.
 D = Other kills in this place as a percentage of other kills in the entire game.
 E = Experience gained in this place as a percentage of experience gained in the entire game.
 F = Experience gained in this place divided by the number of levels of this place that you have seen.
                   A       B       C       D       E      F
               +-------+-------+-------+-------+-------+----------------------
         Total | 100.0 | 100.0 |   N/A |   N/A | 100.0 | 227.1
       Dungeon | 100.0 | 100.0 |   N/A |   N/A | 100.0 | 227.1
               +-------+-------+-------+-------+-------+----------------------

Table legend: (Time is in decaauts)
 A = Elapsed time spent in this place.
 B = Non-inter-level travel time spent in this place.
 C = Inter-level travel time spent in this place.
 D = Time resting spent in this place.
 E = Time spent auto-exploring this place.
 F = Levels seen in this place.
 G = Mean time per level.
                   A        B        C        D        E       F      G
               +--------+--------+--------+--------+--------+-----+--------+
         Total |   5277 |   5067 |    210 |      0 |   4420 |   7 |  753.9 |
       Dungeon |   5277 |   5067 |    210 |      0 |   4420 |   7 |  753.9 |
               +--------+--------+--------+--------+--------+-----+--------+

Top non-repeatable levels by time:
     D:3: 955 daAuts
     D:2: 934 daAuts
     D:4: 922 daAuts
     D:5: 862 daAuts
     D:6: 742 daAuts
     D:1: 677 daAuts
     D:7: 182 daAuts
